 Dungeon Crawl Stone Soup version 0.28.0-53-g5a82cb258f (webtiles) character file.

Game seed: 7632846452257219958

242 Stomo the Ruffian (level 5, 0/45 HPs)
             Began as a Draconian Transmuter on July 9, 2022.
             Slain by Grinder (2 damage)
             ... while paralysed by Grinder
             ... on level 4 of the Dungeon.
             The game lasted 00:03:51 (3318 turns).

Stomo the Ruffian (Draconian Transmuter)            Turns: 3318, Time: 00:03:51

Health: 0/45       AC:  5    Str: 14    XL:     5   Next: 81%
Magic:  5/8        EV:  2    Int: 13    God:
Gold:   161        SH:  0    Dex: 12    Spells: 5/8 levels left

rFire   . . .      SeeInvis .     - Unarmed
rCold   . . .      Faith    .   (no shield)
rNeg    . . .      Spirit   .   (armour unavailable)
rPois   .          Reflect  .   (helmet currently unavailable)
rElec   .          Harm     .   (no cloak)
rCorr   .          Rampage  .   (no gloves)
Will    .....                   (boots currently unavailable)
Stlth   +.........              (no amulet)
HPRegen 0.15/turn               (no ring)
MPRegen 0.11/turn               (no ring)

@: paralysed, appendages, wereblooded (expiring)
A: horns 2, talons 2, AC +5, unfitting armour, cold-blooded
a: End Transformation


You were on level 4 of the Dungeon.
You had temporarily grown beastly horns and talons.
You visited 1 branch of the dungeon, and saw 4 of its levels.

You collected 161 gold pieces.

Inventory:

Scrolls
 b - a scroll of enchant weapon {unknown}
 d - 2 scrolls of torment {unknown}
 f - 3 scrolls of blinking {unknown}
 g - a scroll of teleportation {unknown}
 h - a scroll of enchant armour {unknown}
 j - a scroll of immolation {unknown}
 k - a scroll of holy word {unknown}
Potions
 a - a potion of lignification {unknown}
 c - a potion of flight {unknown}
 e - 2 potions of mutation {unknown}
 i - a potion of attraction {unknown}
 l - a potion of curing {unknown}


   Skills:
 + Level 3.5 Fighting
 + Level 3.4 Dodging
 + Level 4.3 Unarmed Combat
 - Level 2.2 Spellcasting
 - Level 2.3 Transmutations


You had 5 spell levels left.
You knew the following spells:

 Your Spells              Type           Power      Damage    Failure   Level
a - Beastly Appendage     Tmut           14%        N/A       10%         1
b - Wereblood             Tmut           7%         N/A       14%         2

Your spell library contained the following spells:

 Spells                   Type           Power      Damage    Failure   Level
 Spider Form              Tmut/Pois      4%         N/A       43%         3
 Ice Form                 Ice/Tmut       4%         N/A       83%         4


Dungeon Overview and Level Annotations

Branches:
Dungeon (4/15)
 Temple: D:4-7

Altars:
Dithmenos
Qazlal
Ru

Shops:
D:2 *

Annotations:
D:4 1 runed translucent door, Crazy Yiuf, Grinder


Innate Abilities, Weirdness & Mutations

You have temporarily grown beastly horns and talons.
Your plain brown scales are hard. (AC +5)
You cannot fit into any form of body armour.
You are cold-blooded and may be slowed by cold attacks.


Message History

* * * LOW HITPOINT WARNING * * *
Your horns disappear.
Your talons disappear.
Grinder hits you but does no damage.
You can move again.
Things that are here:
a +0 club; a goblin corpse Unknown command.
Unknown command.
Casting: Wereblood (safe; 14% risk of failure)
Confirm with . or Enter, or press ? or * to list all spells.
You grow a pair of large bovine horns.
Your feet morph into talons.
Grinder barely misses you.
Unknown command.
You closely miss Grinder. You claw Grinder.
Grinder is lightly wounded.
Grinder barely misses you.
You hit Grinder. Your kick misses Grinder.
You tail-slap Grinder, but do no damage.
Grinder is moderately wounded.
Your primal bloodlust is almost over.
Grinder hits you.
* * * LOW HITPOINT WARNING * * *
You writhe in agony.
* * * LOW HITPOINT WARNING * * *
Okay, then.
You hit Grinder but do no damage.
Grinder is moderately wounded.
Grinder gestures at you. Pain shoots through your body!
* * * LOW HITPOINT WARNING * * *
Unknown command.
You punch Grinder! You headbutt Grinder.
Grinder is heavily wounded.
You howl as the wereblood boils in your veins!
Grinder gestures at you.
You suddenly lose the ability to move!
Grinder hits you.
* * * LOW HITPOINT WARNING * * *
You writhe in agony.
You die...

##### ##
.#########
..........
####...####
..........########
..).....#........#
####.#..########@#
#.#..# #5# #.#...#
#)# #.#.#.#
#..........
#.#.#..
#......)...
....##.#
#.......... #.###
.. ###......(. ..#
#.# ####.....
..$..


You could see Grinder.

Vanquished Creatures
  A howler monkey (D:4)
  An iguana (D:3)
  A hound skeleton (D:3)
  Robin (D:4)
  4 adders
  An adder skeleton (D:4)
  4 dart slugs
  An orc (D:3)
  7 ball pythons
  10 bats
  3 endoplasms
  4 giant cockroaches
  17 goblins
  9 hobgoblins
  14 jackals
  2 quokkas
  9 kobolds
  5 rats
94 creatures vanquished.

Notes
Turn   | Place    | Note
-------+----------+-------------------------------------------
     0 | D:1      | Stomo the Draconian Transmuter began the quest for the Orb.
     0 | D:1      | Reached XP level 1. HP: 16/16 MP: 3/3
   182 | D:1      | Reached XP level 2. HP: 23/23 MP: 5/5
   296 | D:1      | Found a faded altar of an unknown god.
   662 | D:1      | Reached XP level 3. HP: 29/29 MP: 4/6
   789 | D:2      | Learned a level 2 spell: Wereblood
  1034 | D:2      | Found Qolaps's Assorted Antiques.
  1528 | D:2      | Reached XP level 4. HP: 34/36 MP: 3/7
  1699 | D:3      | Found a stormy altar of Qazlal.
  1821 | D:3      | Found a shadowy altar of Dithmenos.
  2301 | D:3      | Found a sacrificial altar of Ru.
  2757 | D:3      | Reached skill level 4 in Unarmed Combat
  2757 | D:3      | Reached XP level 5. HP: 14/45 MP: 5/8
  3142 | D:4      | Found a runed translucent door.
  3143 | D:4      | Noticed Crazy Yiuf
  3284 | D:4      | Noticed Grinder
  3296 | D:4      | Noticed Robin
  3306 | D:4      | Killed Robin
  3307 | D:4      | Paralysed by Grinder for 6 turns
  3317 | D:4      | Paralysed by Grinder for 7 turns
  3318 | D:4      | HP: 2/45 [Grinder (2)]
  3318 | D:4      | Slain by Grinder

Illustrated notes

Levels and vault maps discovered:
D:1:      lordsloth_arrival_two_stooges, layout_basic,
          shapermc_ecumenical_altar_mp_highgroup, minmay_misc_feat_enclosed
D:2:      kennysheep_the_goblin_king, layout_rooms, serial_shops, shop_statue
D:3:      layout_loops_corners, lemuel_coloured_pillars_altar,
          mainiacjoe_overflow_catwalk, nicolae_qazlal_scattered_showers
D:4:      wander_river, layout_basic, gammafunk_ghost_split, uniq_robin,
          uniq_grinder, uniq_crazy_yiuf_cottage

Skill      XL: |  1  2  3  4 |
---------------+-------------+-----
Dodging        | 2 3 |  3.4
Fighting       | 2 3 |  3.5
Unarmed Combat | 4 |  4.3
Spellcasting   | |  2.2
Transmutations | |  2.3

Action                   |  1- 3 |  4- 6 || total
-------------------------+-------+-------++-------
Melee: Unarmed           |   145 |   115 ||   260
       Kick              |    23 |    17 ||    40
       Headbutt          |    12 |    15 ||    27
       Tailslap          |    15 |    15 ||    30
       Punch             |     1 |     3 ||     4
 Cast: Beastly Appendage |    27 |    18 ||    45
       Wereblood         |     4 |     8 ||    12
Armor: Skin              |    63 |    41 ||   104
Dodge: Dodged            |   106 |    76 ||   182
